 Dungeon Crawl Stone Soup version 0.21.0-3-g78d12a8bdd (console) character file.

415252 Kloppie the Warrior (level 22, -14/209 HPs)
             Began as a Minotaur Fighter on Jan 9, 2018.
             Was the Champion of Okawaru.
             Demolished by an ettin
             ... wielding a +0 great mace
              (31 damage)
             ... while paralysed by a floating eye
             ... on level 1 of the Depths.
             The game lasted 01:33:05 (39528 turns).

Kloppie the Warrior (Minotaur Fighter)             Turns: 39528, Time: 01:33:06

Health: -14/209    AC: 33    Str: 34    XL:     22   Next: 23%
Magic:  32/32      EV:  2    Int:  8    God:    Okawaru [******]
Gold:   2841       SH:  0    Dex: 10    Spells: 21/21 levels left

rFire    + + .     SeeInvis .   E - +8 demon blade {vamp, rN+ AC-3 EV-3}
rCold    + + .     Gourm    .   D - +0 shield {reflect}
rNeg     + + .     Faith    .   n - +3 gold dragon scales
rPois    +         Spirit   .   S - -2 hat of the Alchemist {rElec rPois rF+ rC+ rN+ MR+ rMut rCorr}
rElec    +         Reflect  +   M - +0 cloak {+Inv}
rCorr    +         Harm     .   P - +1 pair of gloves {Str+3}
rMut     +                      K - +1 pair of boots {run}
MR       +++..                  B - +5 amulet of reflection
Stlth    ..........             C - ring "Nufruev" {MR+ Int+3}
HPRegen  0.44/turn              N - +5 ring of protection
MPRegen  0.23/turn

@: paralysed, studying Throwing, quick
A: retaliatory headbutt, horns 2
}: 3/15 runes: serpentine, barnacled, silver
a: Heroism, Finesse, Renounce Religion, Evoke Invisibility


You were on level 1 of the Depths.
You worshipped Okawaru.
Okawaru was exalted by your worship.
You were not hungry.

You visited 7 branches of the dungeon, and saw 37 of its levels.
You also visited: Labyrinth and Bailey.

You collected 6604 gold pieces.
You spent 3763 gold pieces at shops.

Inventory:

Hand Weapons
 a - the +4 eveningstar "Balike" {antimagic, MR+ MP+9 Dex-2 SInv}
   (You acquired it on level 1 of the Lair of Beasts)

   It reduces the magical energy of the wielder, and disrupts the spells and
   magical abilities of those hit.
   Natural abilities and divine invocations are not affected.
   It affects your dexterity (-2).
   It affects your resistance to hostile enchantments.
   It affects your magic capacity (+9).
   It lets you see invisible.
 b - the +1 broad axe of Patterns {freeze, +Blink Int+4}
   (You bought it in a shop on level 7 of the Dungeon)

   It has been specially enchanted to freeze those struck by it, causing extra
   injury to most foes and up to half again as much damage against particularly
   susceptible opponents.
   It can also slow down cold-blooded creatures.
   It affects your intelligence (+4).
   It lets you blink.
 E - the +8 demon blade "Leech" (weapon) {vamp, rN+ AC-3 EV-3}
   (You took it off a yaktaur on level 15 of the Dungeon)

   It inflicts no extra harm, but heals its wielder when it wounds a living foe.
   It affects your AC (-3).
   It affects your evasion (-3).
   It protects you from negative energy.
 H - the +5 eveningstar "Goblinbane" {drain, rN+ Int+6}
   (Okawaru gifted it to you on level 4 of the Vaults)

   A truly terrible weapon, it drains the life of those it strikes.
   It affects your intelligence (+6).
   It protects you from negative energy.
Missiles
 d - 21 javelins of penetration (quivered)
 z - 14 steel javelins
Armour
 h - the +15 Maxwell's patent armour {-Cast -Tele rElec MR+ rCorr}
   (Okawaru gifted it to you on level 1 of the Shoals)

   It insulates you from electricity.
   It affects your resistance to hostile enchantments.
   It prevents spellcasting.
   It prevents most forms of teleportation.
   It protects you from acid and corrosion.
 n - +3 gold dragon scales (worn)
 o - a scarf of repulsion
 A - the +1 pair of boots of Reason {rN+ MR+ rCorr}
   (You found it on level 9 of the Dungeon)

   It protects you from negative energy.
   It affects your resistance to hostile enchantments.
   It protects you from acid and corrosion.
 D - a +0 shield of reflection (worn)
 K - a +1 pair of boots of running (worn)
 M - a +0 cloak of invisibility (worn)
 P - a +1 pair of gloves of strength (worn)
 S - the -2 hat of the Alchemist (worn) {rElec rPois rF+ rC+ rN+ MR+ rMut rCorr}
   (You found it on level 4 of the Shoals)

   It protects you from fire.
   It protects you from cold.
   It insulates you from electricity.
   It protects you from poison.
   It protects you from negative energy.
   It affects your resistance to hostile enchantments.
   It protects you from acid and corrosion.
   It protects you from mutation.
Jewellery
 y - an uncursed ring of protection from fire
 B - a +5 amulet of reflection (around neck)
 C - the ring "Nufruev" (left hand) {MR+ Int+3}
   (You bought it in a shop on level 6 of the Dungeon)

   [ring of protection from magic]

   It affects your intelligence (+3).
   It affects your resistance to hostile enchantments.
 N - a +5 ring of protection (right hand)
 R - the ring "Letuc" {Fire Slay+5}
   (You found it on level 5 of the Vaults)

   [ring of fire]

   It enhances your fire magic.
   It affects your accuracy and damage with ranged weapons and melee attacks
   (+5).
   It protects you from fire.
   It makes you vulnerable to cold.
Wands
 k - a wand of iceblast (8)
 G - a wand of disintegration (21)
 V - a wand of digging (22)
Scrolls
 c - a scroll of holy word
 e - 4 scrolls of fear
 l - a scroll of enchant weapon
 m - a scroll of blinking
 t - 12 scrolls of remove curse
 u - 3 scrolls of magic mapping
 v - 2 scrolls of acquirement
 x - 3 scrolls of identify
 F - 27 scrolls of teleportation
 L - 4 scrolls of fog
 O - a scroll of silence
 W - 5 scrolls of amnesia
Potions
 g - 14 potions of curing
 i - 2 potions of invisibility
 j - 2 potions of heal wounds
 p - 2 potions of ambrosia
 q - 9 potions of flight
 r - 3 potions of agility
 s - 4 potions of haste
 w - 4 potions of mutation
 I - a potion of cancellation
 J - a potion of brilliance
 Q - a potion of resistance
Books
 T - a manual of Throwing
Comestibles
 f - 49 rations
 U - 18 chunks of flesh


   Skills:
 - Level 20.1 Fighting
 - Level 14.0 Long Blades
 - Level 12.8(16.0) Axes
 - Level 16.0(17.5) Maces & Flails
 - Level 20.0 Armour
 - Level 10.0 Dodging
 - Level 15.0 Shields
 + Level 11.7 Invocations
 - Level 15.0 Evocations


You had 21 spell levels left.
You didn't know any spells.

Dungeon Overview and Level Annotations

Branches:
Dungeon (15/15)            Temple (0/1) D:4            Lair (6/6) D:9
 Shoals (4/4) Lair:4        Snake (4/4) Lair:2        Slime (0/5) Lair:5
    Orc (2/2) D:12            Elf (0/3) Orc:2        Vaults (5/5) D:14
  Crypt (0/3) Vaults:3     Depths (1/5) D:15

Altars:
Cheibriados
Dithmenos
Fedhas
Gozag
Kikubaaqudgha
Makhleb
Nemelex Xobeh
Okawaru
Qazlal
Sif Muna
Wu Jian
Yredelemnul
Zin
The Shining One
Beogh

Shops:
D:6 !*   D:7 *   D:9 }   D:10 :!*   Orc:1 (   Orc:2 ?[%}[   Vaults:4 (
Depths:1 [

Portals:
Hell: Depths:1

Annotations:
D:4 1 runed door


Innate Abilities, Weirdness & Mutations

You reflexively headbutt those who attack you in melee.
You have a pair of horns on your head.


Message History

The dream sheep ruffles its wool and motes of dream dust sparkle, to no effect.
The floating eye gazes piercingly through you!
You shrug off the repeated paralysis!
The ettin hits you with a great mace!!
* * * LOW HITPOINT WARNING * * *
The ettin hits you with a dire flail!
* * * LOW HITPOINT WARNING * * *
The tengu reaver hits you but does no damage.
The tengu reaver pecks you but does no damage.
The tengu reaver claws you but does no damage.
The stone giant hits you!!
* * * LOW HITPOINT WARNING * * *
The brown ugly thing engulfs you but does no damage.
The stone giant hits you but does no damage.
The brown ugly thing engulfs you but does no damage.
The tengu reaver hits you with a dire flail of holy wrath!
* * * LOW HITPOINT WARNING * * *
The tengu reaver pecks you but does no damage.
The tengu reaver claws you but does no damage.
The ettin hits you with a great mace!!
You die...

....∩.. ##...# .
#..... ##....# ..
#.... ##.....# ...
#... ##......#
....###.###.......#
...........Y......#
.........uC.......#
......).)@Qc.[..).#
........#C#G#)#...#
.......####+####..#
######. #...# #.
##..# #. #...# #.
##..# .. #...# #
#+####..#


You could see a stone giant, a tengu reaver, a brown ugly thing, an ettin, a
centaur warrior, a dream sheep and a floating eye.

Vanquished Creatures
  Mara (Vaults:5)
  An ancient lich (Vaults:5)
  Boris (Vaults:2)
  Saint Roka (Vaults:2)
  2 golden dragons (Vaults:5)
  The ghost of Necrophagist the Warrior, an adept GnFi of Okawaru (Vaults:2)
  A tentacled monstrosity (Vaults:5)
  Jorgrun (Vaults:4)
  A kraken (Shoals:4)
  5 titans (Vaults:5)
  The ghost of Argmax the Brawler, an adept TrBe of Trog (Snake:4)
  A lich (Vaults:5)
  Agnes (Snake:1)
  3 shadow dragons (Vaults:5)
  3 sphinxes
  Donald (Shoals:2)
  3 storm dragons (Vaults:5)
  6 tengu reavers (Vaults:5)
  6 frost giants
  8 nagarajas
  Ilsuiw (Shoals:4)
  3 fire giants (Depths:1)
  9 vault wardens
  An orc warlord (Bailey)
  A balrug (Depths:1)
  2 iron dragons (Vaults:5)
  A war gargoyle (Vaults:5)
  7 ironheart preservers
  An entropy weaver (Vaults:4)
  11 stone giants
  7 very ugly things
  2 deep elf annihilators (Vaults:5)
  3 deep elf demonologists (Vaults:5)
  A dire elephant (Lair:6)
  A deep elf death mage (Vaults:5)
  4 merfolk javelineers (Shoals:4)
  2 crystal guardians
  9 ettins
  The ghost of Jannitor the Impaler, a journeyman MfAE (Lair:1)
  Snorg (Lair:6)
  16 merfolk impalers
  2 deep elf high priests (Vaults:5)
  A minotaur (Lab)
  5 fire dragons
  The ghost of Asanbosam the Cleaver, a journeyman DDFi of Makhleb (Lair:2)
  6 ice dragons
  13 yaktaur captains
  10 great orbs of eyes
  4 hydras
  25 vault guards
  Fannar (D:12)
  14 naga warriors
  3 merfolk avatars
  A catoblepas (Lair:4)
  A death knight (Vaults:3)
  22 two-headed ogres
  An alligator snapping turtle (Shoals:4)
  4 anacondas
  2 tengu warriors
  4 merfolk aquamancers
  3 dancing weapons
  2 satyrs
  12 centaur warriors
  6 ogre magi
  A deep troll earth mage (Depths:1)
  A titan zombie (Vaults:5)
  3 deep troll shamans (Depths:1)
  5 orc high priests (Orc:2)
  Urug (D:14)
  20 naga sharpshooters
  6 shock serpents
  2 sun demons (Depths:1)
  3 deep elf knights
  A hell knight (Vaults:5)
  2 salamander mystics (Snake:3)
  4 shadow wraiths
  4 unseen horrors
  7 skeletal warriors (Vaults:2)
  3 iron trolls (Depths:1)
  3 wizards
  3 glowing orange brains
  22 sea snakes
  A kraken simulacrum (Shoals:4)
  10 deep trolls
  A flayed ghost (Vaults:3)
  3 deep elf archers
  A naga ritualist (Snake:2)
  5 harpies
  5 wolf spiders
  9 ironbrand convokers
  3 necromancers
  4 cyclopes
  11 orc knights
  11 ugly things
  A wolf spider (shapeshifter) (Vaults:5)
  3 human zombies
  13 fauns
  4 mana vipers
  14 deep elf magi
  10 manticores
  A cyclops (shapeshifter) (Vaults:2)
  4 elephants (Lair:6)
  A faun (shapeshifter) (Vaults:5)
  10 salamanders
  Joseph (D:9)
  2 elf zombies (Vaults:5)
  12 vault sentinels
  6 water nymphs
  An eye of devastation (shapeshifter) (Vaults:5)
  24 naga magi
  9 merfolk sirens
  4 human skeletons
  21 black mambas
  A gargoyle (D:15)
  4 guardian serpents
  A fire giant skeleton (Vaults:4)
  9 spiny frogs
  A storm dragon simulacrum (Vaults:3)
  14 rime drakes
  2 spiny frogs (shapeshifter)
  A torpor snail (Lair:6)
  4 efreet
  A yaktaur zombie (Vaults:5)
  The ghost of NullDivider the Sneak, a novice OpAr (D:5)
  A kobold demonologist (D:11)
  4 komodo dragons
  49 yaktaurs
  6 freezing wraiths
  11 trolls
  A jumping spider (shapeshifter) (Vaults:1)
  2 meliai (shapeshifter)
  4 wind drakes
  26 merfolk
  6 hornets
  A wind drake (shapeshifter) (Vaults:4)
  4 polar bears (Lair:6)
  20 slime creatures
  7 blink frogs
  A dream sheep (shapeshifter) (Vaults:5)
  A meliai zombie (D:15)
  2 slime creatures (shapeshifter)
  8 dream sheep
  5 snapping turtles
  19 hippogriffs
  A redback (Vaults:4)
  An ettin skeleton (Vaults:5)
  A tarantella (shapeshifter) (Depths:1)
  38 yaks
  A vampire (D:10)
  5 wyverns
  8 water elementals
  4 wraiths
  A hog (shapeshifter) (Vaults:1)
  A golden eye (shapeshifter) (Vaults:3)
  8 vampire mosquitoes (D:15)
  3 hungry ghosts
  7 steam dragons (Lair:5)
  A basilisk (Lair:6)
  A warg (shapeshifter) (Vaults:3)
  3 wargs
  2 acid dragons
  37 nagas
  Edmund (D:5)
  14 water moccasins
  11 porcupines
  2 floating eyes (Depths:1)
  54 orc warriors
  A sky beast (D:8)
  3 ice beasts
  3 black bears
  8 phantoms
  10 wolves
  20 centaurs
  22 ogres
  6 boggarts
  8 crocodiles
  4 big kobolds
  15 bullfrogs
  A deep troll simulacrum (Vaults:1)
  A wyvern zombie (D:9)
  2 wyvern skeletons
  5 scorpions
  A killer bee (D:7)
  A human simulacrum (Vaults:3)
  2 troll zombies (D:12)
  A water moccasin skeleton (D:7)
  5 wights (D:8)
  3 vampire bats (D:6)
  4 howler monkeys
  5 electric eels
  3 crimson imps
  5 centaur zombies
  A bullfrog zombie (D:5)
  6 centaur skeletons
  12 hounds
  31 orc priests
  28 orc wizards
  7 jellies
  3 bullfrog skeletons
  Natasha (D:2)
  10 worker ants
  8 iguanas
  4 ogre zombies (D:12)
  3 hound zombies
  A howler monkey zombie (D:11)
  2 gnolls (Bailey)
  2 howler monkey skeletons
  12 adders
  4 shadow imps
  4 oozes
  An adder zombie (D:8)
  An adder skeleton (D:4)
  2 worms (D:3)
  4 dart slugs
  5 leopard geckos
  101 orcs
  2 bat skeletons (D:6)
  3 bat zombies (D:6)
  11 giant cockroaches
  8 hobgoblins
  19 jackals
  19 kobolds
  8 quokkas
  5 ball pythons
  5 bats
  4 frilled lizards
  12 goblins
  2 goblin skeletons (D:12)
  2 goblin zombies (D:12)
  A hobgoblin skeleton (D:12)
  3 hobgoblin zombies (D:12)
  An orc skeleton (D:12)
  10 orc zombies (D:12)
  A quokka skeleton (D:5)
  6 rats
  A tentacle (Shoals:4)
1508 creatures vanquished.

Vanquished Creatures (collateral kills)
  2 orc warriors (Orc:2)
  An orc priest (Orc:2)
3 creatures vanquished.

Vanquished Creatures (others)
  Vashnia (Snake:4)
  A fire giant (Vaults:5)
  A war gargoyle (Vaults:5)
  2 merfolk javelineers
  3 yaktaur captains
  A centaur warrior (D:15)
  A dancing weapon (Vaults:5)
  A satyr (Shoals:3)
  An ogre mage (Vaults:2)
  2 naga sharpshooters (Snake:4)
  A necromancer (Vaults:5)
  A deep elf mage (D:14)
  A manticore (D:15)
  2 fauns
  A black mamba (Snake:4)
  6 yaktaurs
  A merfolk (Shoals:4)
  An ogre (Vaults:5)
  3 centaurs
  A shadow imp (D:5)
  4 kobolds (Bailey)
  9 fungi
  3 plants
  7 tentacles (Shoals:4)
55 creatures vanquished.

Grand Total: 1566 creatures vanquished

Notes
Turn   | Place    | Note
-------+----------+-------------------------------------------
     0 | D:1      | Kloppie the Minotaur Fighter began the quest for the Orb.
     0 | D:1      | Reached XP level 1. HP: 19/19 MP: 0/0
    70 | D:1      | Reached XP level 2. HP: 12/27 MP: 1/1
   870 | D:1      | Reached XP level 3. HP: 34/34 MP: 2/2
  1419 | D:2      | Noticed Natasha
  1423 | D:2      | Killed Natasha
  1423 | D:2      | Reached skill level 5 in Fighting
  1423 | D:2      | Reached XP level 4. HP: 30/42 MP: 3/3
  1836 | D:3      | Reached XP level 5. HP: 17/50 MP: 4/4
  2068 | D:3      | Reached skill level 5 in Maces & Flails
  2135 | D:3      | Found a blossoming altar of Fedhas.
  2136 | D:3      | Found a deep blue altar of Sif Muna.
  2185 | D:3      | Found an iron altar of Okawaru.
  2207 | D:3      | Became a worshipper of Warmaster Okawaru
  2408 | D:3      | Found an ornate altar of the Wu Jian Council.
  2901 | D:3      | Reached XP level 6. HP: 26/58 MP: 5/5
  3304 | D:3      | HP: 2/58 [poisoned by a worker ant]
  3311 | D:3      | HP: 2/58 [poisoned by a worker ant]
  3319 | D:3      | HP: 1/58 [poisoned by a worker ant]
  3657 | D:4      | Found a staircase to the Ecumenical Temple.
  3820 | D:4      | Found a glowing golden altar of the Shining One.
  3820 | D:4      | Found a runed door.
  3820 | D:4      | Noticed an angel
  3848 | D:4      | Found an opulent altar of Gozag.
  3855 | D:4      | Reached XP level 7. HP: 53/66 MP: 6/6
  4024 | D:5      | Entered Level 5 of the Dungeon
  4047 | D:5      | Noticed NullDivider's ghost (novice OpAr)
  4065 | D:5      | Killed NullDivider's ghost
  4065 | D:5      | Reached * piety under Okawaru
  4348 | D:5      | Noticed Edmund
  4364 | D:5      | Killed Edmund
  4364 | D:5      | Reached ** piety under Okawaru
  4364 | D:5      | Reached XP level 8. HP: 28/75 MP: 7/7
  4627 | D:5      | Found a stormy altar of Qazlal.
  4721 | D:5      | Found a sparkling altar of Nemelex Xobeh.
  5121 | D:6      | Found Roant's Assorted Antiques.
  5146 | D:6      | Bought a scroll labeled OSIFAYTOTA for 28 gold pieces
  5146 | D:6      | Bought a scroll labeled XUISTR JOEN for 28 gold pieces
  5146 | D:6      | Bought a vibrating ivory ring for 140 gold pieces
  5146 | D:6      | Bought 2 murky golden potions for 50 gold pieces
  5146 | D:6      | Identified the ring "Nufruev" {MR+ Int+3} (You bought it in a shop on level 6 of the Dungeon)
  5245 | D:6      | Found Vanudy's Distillery.
  5402 | D:6      | Reached skill level 10 in Fighting
  5540 | D:6      | Reached *** piety under Okawaru
  5540 | D:6      | Reached skill level 10 in Maces & Flails
  5616 | D:6      | Found an ancient bone altar of Kikubaaqudgha.
  5920 | D:7      | Reached XP level 9. HP: 42/85 MP: 8/8
  6555 | D:7      | Reached **** piety under Okawaru
  6699 | D:7      | Identified Vehumet's Collected Works on Conjuration
  6919 | D:7      | Found Buewk's Assorted Antiques.
  6928 | D:7      | Bought a scroll labeled QOSAPE VUENAHE for 27 gold pieces
  7026 | D:7      | Reached XP level 10. HP: 93/93 MP: 9/9
  7309 | D:8      | Reached ***** piety under Okawaru
  7560 | D:8      | Reached skill level 5 in Armour
  7560 | D:8      | Reached skill level 5 in Shields
  7669 | D:8      | Found an iron altar of Okawaru.
  7669 | D:8      | Noticed a two-headed ogre
  7690 | D:8      | Killed a two-headed ogre
  7690 | D:8      | Received a gift from Okawaru
  7990 | D:8      | Found a shadowy altar of Dithmenos.
  8308 | D:9      | Found a flagged portal.
  8319 | Bailey   | Entered a bailey
  8326 | Bailey   | Noticed an orc warlord
  8400 | Bailey   | Noticed an orc knight
  8406 | Bailey   | Found a runed gate.
  8406 | Bailey   | Found a runed gate.
  8415 | Bailey   | Killed an orc knight
  8537 | Bailey   | Found a runed gate.
  8716 | Bailey   | Killed an orc warlord
  8716 | Bailey   | Reached XP level 11. HP: 93/99 MP: 10/10
  8969 | D:9      | Found a sparkling altar of Nemelex Xobeh.
  9007 | D:9      | Found Ywyufep's Gadget Emporium.
  9029 | D:9      | Got a pair of ichor-stained boots
  9040 | D:9      | Identified the +1 pair of boots of Reason {rN+ MR+ rCorr} (You found it on level 9 of the Dungeon)
  9103 | D:9      | Found a staircase to the Lair.
  9317 | D:9      | Found a snail-covered altar of Cheibriados.
  9420 | D:9      | Noticed Joseph
  9430 | D:9      | Killed Joseph
  9555 | Lair:1   | Entered Level 1 of the Lair of Beasts
  9561 | Lair:1   | Identified 2 scrolls of acquirement
  9562 | Lair:1   | Got a pitted eveningstar
  9563 | Lair:1   | Identified the +4 eveningstar "Balike" {antimagic, MR+ MP+9 Dex-2 SInv} (You acquired it on level 1 of the Lair of Beasts)
  9666 | Lair:1   | Noticed Jannitor's ghost (journeyman MfAE)
  9701 | Lair:1   | Killed Jannitor's ghost
  9701 | Lair:1   | Reached skill level 10 in Shields
 10104 | Lair:1   | Reached skill level 10 in Armour
 10543 | Lair:2   | Found a staircase to the Snake Pit.
 10781 | Lair:2   | Reached ****** piety under Okawaru
 11069 | Lair:2   | Noticed Asanbosam's ghost (journeyman DDFi)
 11092 | Lair:2   | Killed Asanbosam's ghost
 11110 | Lair:2   | Received a gift from Okawaru
 11304 | Lair:3   | Noticed a four-headed hydra
 11313 | Lair:3   | Killed a four-headed hydra
 11313 | Lair:3   | Reached XP level 12. HP: 87/106 MP: 6/11
 12041 | Lair:4   | Noticed a catoblepas
 12057 | Lair:4   | Killed a catoblepas
 12075 | Lair:4   | Reached skill level 15 in Shields
 12163 | Lair:4   | Noticed a five-headed hydra
 12171 | Lair:4   | Killed a five-headed hydra
 12257 | Lair:4   | Found a staircase to the Shoals.
 12690 | Lair:5   | Reached skill level 15 in Maces & Flails
 12815 | Lair:5   | Received a gift from Okawaru
 12816 | Lair:5   | Got a fine chain mail {god gift}
 12820 | Lair:5   | Found a staircase to the Slime Pits.
 12854 | Lair:5   | Reached skill level 1 in Invocations
 12855 | Lair:5   | Noticed a fire dragon
 12867 | Lair:5   | Killed a fire dragon
 12867 | Lair:5   | Reached XP level 13. HP: 35/114 MP: 4/13
 13047 | Lair:5   | Identified the +4 chain mail "Rudoezeo" {+Inv rC- Str+4 Slay+3} (Okawaru gifted it to you on level 5 of the Lair of Beasts)
 13735 | Lair:6   | Entered Level 6 of the Lair of Beasts
 13990 | Lair:6   | Noticed Snorg
 13998 | Lair:6   | Killed Snorg
 14015 | Lair:6   | Reached skill level 5 in Invocations
 14177 | Lair:6   | Received a gift from Okawaru
 15012 | Lair:6   | Noticed a dire elephant
 15021 | Lair:6   | Killed a dire elephant
 15199 | D:10     | Entered Level 10 of the Dungeon
 15199 | D:10     | Found Jefin's Book Emporium.
 15341 | D:10     | Found Voaneisk's Distillery.
 15382 | D:10     | Bought a potion of experience for 650 gold pieces
 15382 | D:10     | Reached XP level 14. HP: 118/133 MP: 9/18
 15594 | D:10     | Got a brightly glowing plate armour
 15600 | D:10     | Identified the cursed +0 plate armour "Atiarr" {-Cast -Tele MR+++ Str+6} (You found it on level 10 of the Dungeon)
 15694 | D:10     | Found Poipnunk's General Store.
 15697 | D:10     | Bought a potion of heal wounds for 70 gold pieces
 15697 | D:10     | Bought a scroll of teleportation for 42 gold pieces
 15867 | D:11     | Reached XP level 15. HP: 139/139 MP: 9/20
 16061 | D:11     | Reached skill level 15 in Fighting
 16165 | D:11     | Received a gift from Okawaru
 16618 | D:12     | Found a staircase to the Orcish Mines.
 16795 | D:12     | Noticed Fannar
 16805 | D:12     | Killed Fannar
 17315 | Orc:1    | Entered Level 1 of the Orcish Mines
 17315 | Orc:1    | Found Genar's Antique Weapon Shop.
 17324 | Orc:1    | Found a roughly hewn altar of Beogh.
 17621 | D:7      | Bought shiny gold dragon scales for 2241 gold pieces
 17739 | Orc:2    | Entered Level 2 of the Orcish Mines
 17749 | Orc:2    | Found a labyrinth entrance.
 17757 | Lab      | Entered a labyrinth
 17980 | Orc:2    | Found Meick's Armour Shop.
 18242 | Orc:2    | Found a burning altar of Makhleb.
 18287 | Orc:2    | Found a staircase to the Elven Halls.
 18979 | Orc:2    | Reached skill level 10 in Invocations
 19026 | Orc:2    | Received a gift from Okawaru
 19145 | Orc:2    | Found Naiseuhi's Magic Scroll Boutique.
 19148 | Orc:2    | Found Inyrphag's Gadget Boutique.
 19149 | Orc:2    | Found Tawk's Antique Armour Boutique.
 19150 | Orc:2    | Found Ethim's Food Shop.
 19153 | Orc:2    | Bought a runed cloak for 202 gold pieces
 19157 | Orc:2    | Bought a scroll of teleportation for 42 gold pieces
 19470 | D:7      | Bought an ichor-stained broad axe for 243 gold pieces
 19470 | D:7      | Identified the cursed +1 broad axe of Patterns {freeze, +Blink Int+4} (You bought it in a shop on level 7 of the Dungeon)
 19570 | D:13     | Reached skill level 1 in Axes
 19616 | D:13     | Identified Ts'ui Pên's Compendium of Forking Paths
 19623 | D:13     | Identified the Handbook of Dhcmrlchtdj
 19630 | D:13     | Identified the Catalogue of Combed Thunderclap
 19829 | D:14     | Reached skill level 5 in Axes
 19944 | D:14     | Noticed Urug
 19956 | D:14     | Killed Urug
 20084 | D:14     | Got a pitted plate armour
 20109 | D:14     | Identified the +5 plate armour of Absolutism {rN+ Str+3} (You found it on level 14 of the Dungeon)
 20211 | D:14     | Found a gate to the Vaults.
 20308 | D:15     | Entered Level 15 of the Dungeon
 20369 | D:15     | Received a gift from Okawaru
 20450 | D:15     | Reached XP level 16. HP: 99/154 MP: 10/22
 20451 | D:15     | Reached skill level 10 in Axes
 20783 | D:15     | Found a glowing silver altar of Zin.
 20842 | D:15     | Found a staircase to the Depths.
 21028 | Snake:1  | Entered Level 1 of the Snake Pit
 21140 | Snake:1  | Noticed Agnes
 21148 | Snake:1  | Killed Agnes
 21733 | Snake:2  | Received a gift from Okawaru
 24349 | Snake:4  | Entered Level 4 of the Snake Pit
 24372 | Snake:4  | Noticed Argmax's ghost (adept TrBe)
 24384 | Snake:4  | Reached XP level 17. HP: 145/160 MP: 11/23
 24389 | Snake:4  | Reached skill level 15 in Armour
 24393 | Snake:4  | Reached skill level 1 in Long Blades
 24411 | Snake:4  | Received a gift from Okawaru
 24428 | Snake:4  | Killed Argmax's ghost
 24766 | Snake:4  | Reached skill level 5 in Long Blades
 24845 | Snake:4  | Noticed Vashnia
 24869 | Snake:4  | Killed Vashnia
 25110 | Snake:4  | Received a gift from Okawaru
 25609 | Snake:4  | Reached skill level 10 in Long Blades
 27090 | Snake:4  | Received a gift from Okawaru
 27423 | Snake:4  | Got a serpentine rune of Zot
 27640 | Shoals:1 | Entered Level 1 of the Shoals
 27651 | Shoals:1 | Received a gift from Okawaru
 27652 | Shoals:1 | Found the +15 Maxwell's patent armour {-Cast -Tele rElec MR+ rCorr}
 28035 | Shoals:2 | Noticed Donald
 28053 | Shoals:2 | Killed Donald
 28202 | Shoals:2 | Reached skill level 1 in Dodging
 28217 | Shoals:2 | Reached XP level 18. HP: 129/168 MP: 16/24
 28473 | Shoals:3 | Reached skill level 5 in Dodging
 28479 | Shoals:4 | Entered Level 4 of the Shoals
 29224 | Shoals:3 | Received a gift from Okawaru
 29525 | Shoals:4 | Reached skill level 10 in Dodging
 29549 | Shoals:4 | Found the -2 hat of the Alchemist {rElec rPois rF+ rC+ rN+ MR+ rMut rCorr}
 29586 | Shoals:4 | Noticed Ilsuiw
 29632 | Shoals:4 | Killed Ilsuiw
 29829 | Shoals:4 | Received a gift from Okawaru
 29886 | Shoals:4 | Got a barnacled rune of Zot
 30261 | Vaults:1 | Entered Level 1 of the Vaults
 30300 | Vaults:1 | Got a translucent chain mail
 30301 | Vaults:1 | Identified the +2 chain mail of Gakott {rElec Dex+2} (You found it on level 1 of the Vaults)
 30541 | Vaults:1 | Received a gift from Okawaru
 30672 | Vaults:1 | You fall through a shaft!
 30683 | Vaults:2 | Reached XP level 19. HP: 182/182 MP: 25/25
 31070 | Vaults:2 | Noticed Saint Roka
 31088 | Vaults:2 | Killed Saint Roka
 31143 | Vaults:2 | Reached skill level 1 in Evocations
 31391 | Vaults:2 | Reached skill level 5 in Evocations
 31603 | Vaults:2 | Received a gift from Okawaru
 31604 | Vaults:2 | Found the +8 demon blade "Bloodbane" {slice, *Rage +Rage Stlth-}
 31746 | Vaults:2 | Noticed Boris
 31762 | Vaults:2 | Killed Boris
 32136 | Vaults:2 | Noticed Necrophagist's ghost (adept GnFi)
 32187 | Vaults:2 | Killed Necrophagist's ghost
 32902 | Vaults:1 | Received a gift from Okawaru
 33821 | Vaults:3 | Reached skill level 10 in Evocations
 33836 | Vaults:3 | Reached XP level 20. HP: 184/193 MP: 26/26
 34243 | Vaults:3 | Found a staircase to the Crypt.
 34243 | Vaults:3 | Found a basalt altar of Yredelemnul.
 34261 | Vaults:3 | Found an ancient bone altar of Kikubaaqudgha.
 34509 | Vaults:4 | Received a gift from Okawaru
 34529 | Vaults:4 | Noticed Jorgrun
 34540 | Vaults:4 | Killed Jorgrun
 36032 | Vaults:4 | Received a gift from Okawaru
 36033 | Vaults:4 | Got a crystal eveningstar {god gift}
 36050 | Vaults:4 | Identified the +5 eveningstar "Goblinbane" {drain, rN+ Int+6} (Okawaru gifted it to you on level 4 of the Vaults)
 36114 | Vaults:4 | Found Elalekul's Weapon Shoppe.
 36673 | Vaults:5 | Entered Level 5 of the Vaults
 36792 | Vaults:4 | Received a gift from Okawaru
 36890 | Vaults:5 | Noticed Mara
 36925 | Vaults:5 | Killed Mara
 37084 | Vaults:5 | Reached XP level 21. HP: 201/201 MP: 31/31
 37096 | Vaults:5 | Reached skill level 15 in Evocations
 37278 | Vaults:5 | Received a gift from Okawaru
 37345 | Vaults:5 | Noticed a golden dragon
 37357 | Vaults:5 | Killed a golden dragon
 37379 | Vaults:5 | Noticed an ancient lich
 37424 | Vaults:5 | Killed an ancient lich
 37477 | Vaults:5 | Received a gift from Okawaru
 37521 | Vaults:5 | Found the +2 Maxwell's thermic engine {flame, freeze, rF- rC-}
 37534 | Vaults:5 | Identified a +1 pair of boots of running (You found it on level 5 of the Vaults)
 37556 | Vaults:5 | Identified the Compendium of Snow
 37559 | Vaults:5 | Identified the Grimoire of Quantum Air
 37617 | Vaults:5 | Noticed a golden dragon
 37631 | Vaults:5 | Killed a golden dragon
 37994 | Vaults:5 | Got a silver rune of Zot
 38028 | Vaults:5 | Received a gift from Okawaru
 38069 | Vaults:5 | Got a fine plate armour {god gift}
 38070 | Vaults:5 | Identified the +6 plate armour of Fanaticism {rCorr Str+3 SInv} (Okawaru gifted it to you on level 5 of the Vaults)
 38100 | Vaults:5 | Identified the Handbook of Excruciating Flames
 38307 | Vaults:5 | Got a shimmering ivory ring
 38308 | Vaults:5 | Identified the ring "Letuc" {Fire Slay+5} (You found it on level 5 of the Vaults)
 38629 | Depths:1 | Entered Level 1 of the Depths
 38706 | Depths:1 | Reached XP level 22. HP: 168/209 MP: 32/32
 38819 | Depths:1 | Paralysed by a floating eye for 4 turns
 38875 | Depths:1 | HP: 7/209 [deep troll (12)]
 39339 | Depths:1 | Found a gateway to Hell.
 39502 | Depths:1 | Found Ysyotzig's Armour Boutique.
 39510 | Depths:1 | Paralysed by a floating eye for 4 turns
 39525 | Depths:1 | Paralysed by a floating eye for 3 turns
 39528 | Depths:1 | Demolished by an ettin

Skill      XL: |  1  2  3  4  5  6  7  8  9 10 11 12 13 14 15 16 17 18 19 20 21 22 |
---------------+-------------------------------------------------------------------+-----
Fighting       | 4 5 6 7 8 10 14 16 19 20 | 20.1
Maces & Flails | 3 4 5 6 8 10 13 14 16 | 16.0
Armour         | 8 10 14 15 20 | 20.0
Shields        | 8 13 15 | 15.0
Invocations    | 2 7 8 10 11 | 11.7
Axes           | 9 12 | 12.8
Long Blades    | 14 | 14.0
Dodging        | 2 10 | 10.0
Evocations     | 10 14 15 | 15.0

Action                   |  1- 3 |  4- 6 |  7- 9 | 10-12 | 13-15 | 16-18 | 19-21 | 22-24 || total
-------------------------+-------+-------+-------+-------+-------+-------+-------+-------++-------
Melee: Flail             |    76 |   138 |   308 |   239 |       |       |       |       ||   761
       Headbutt          |    10 |    26 |    63 |   125 |   227 |   410 |   698 |    73 ||  1632
       Eveningstar       |       |       |       |   402 |  1066 |   829 |       |       ||  2297
       Broad axe         |       |       |       |       |       |   189 |       |       ||   189
       Demon blade       |       |       |       |       |       |   778 |  1958 |   172 ||  2908
Invok: Heroism           |       |       |       |     1 |       |     1 |     1 |       ||     3
       Finesse           |       |       |       |       |     1 |     3 |     3 |       ||     7
 Abil: Evoke Invisibilit |       |       |       |       |       |       |       |     1 ||     1
Evoke: Wand              |       |       |     1 |       |     2 |       |       |       ||     3
  Use: Potion            |       |     1 |     1 |     2 |     4 |     9 |     3 |     2 ||    22
       Scroll            |       |       |    16 |     8 |    14 |    11 |     6 |     1 ||    56
 Stab: Paralysed         |       |       |       |       |       |       |     2 |       ||     2
  Eat: Chunk             |     2 |     7 |    11 |    19 |    20 |    13 |    16 |       ||    88
       Ration            |       |       |       |       |     2 |     8 |     4 |     1 ||    15
Armor: Scale mail        |    39 |    69 |   122 |     7 |       |       |       |       ||   237
       Chain mail        |       |       |       |   222 |   166 |       |       |       ||   388
       Gold dragon scale |       |       |       |       |   278 |   963 |   767 |   145 ||  2153
Dodge: Dodged            |    43 |    74 |   123 |   139 |   187 |   280 |   293 |    52 ||  1191
       Deflected         |       |     3 |     1 |    21 |       |       |       |       ||    25
Block: Other             |       |       |    20 |    13 |       |       |       |       ||    33
       Reflection        |       |       |     1 |    25 |    23 |   238 |    80 |    18 ||   385
       Shield            |       |       |       |   344 |  1036 |  1730 |  1426 |   192 ||  4728
       Rpst.: Demon blade |       |       |       |       |       |    26 |    65 |     5 ||    96
